 Dungeon Crawl Stone Soup version 0.28.0-53-g5a82cb258f (webtiles) character file.

Game seed: 1021546632069881819

77 buriedalive the Chiller (level 4, -3/24 HPs)
             Began as a Deep Elf Ice Elementalist on May 26, 2022.
             Killed from afar by a dart slug (4 damage)
             ... with a slug dart
             ... on level 2 of the Dungeon.
             The game lasted 00:03:13 (1355 turns).

buriedalive the Chiller (Deep Elf Ice Elementalist) Turns: 1355, Time: 00:03:14

Health: -3/24      AC:  2    Str:  5    XL:     4   Next: 13%
Magic:  1/12       EV: 13    Int: 22    God:
Gold:   21         SH:  0    Dex: 15    Spells: 10/11 levels left

rFire   . . .      SeeInvis .   e - +0 dagger
rCold   . . .      Faith    .   (no shield)
rNeg    + . .      Spirit   .   a - +0 robe
rPois   .          Reflect  .   (no helmet)
rElec   .          Harm     .   (no cloak)
rCorr   .          Rampage  .   (no gloves)
Will    .....                   (no boots)
Stlth   ++........              (no amulet)
HPRegen 0.08/turn               b - ring of positive energy
MPRegen 0.13/turn               (no ring)

@: no status effects
A: no striking features
a: no special abilities


You were on level 2 of the Dungeon.
You visited 1 branch of the dungeon, and saw 2 of its levels.

You collected 21 gold pieces.

Inventory:

Hand Weapons
 e - a +0 dagger (weapon)
Missiles
 f - 26 stones
 i - 5 atropa-tipped darts
Armour
 a - a +0 robe (worn)
Jewellery
 b - a ring of positive energy (left hand)
 d - a ring of flight
Scrolls
 c - a scroll of enchant armour {unknown}
 g - a scroll of immolation {unknown}
Potions
 h - a potion of curing {unknown}
 j - a potion of resistance {unknown}
 k - a potion of lignification {unknown}
 l - a potion of cancellation {unknown}


   Skills:
 + Level 0.1 Fighting
 + Level 0.4 Short Blades
 + Level 2.9 Dodging
 - Level 2.4 Stealth
 + Level 4.1 Spellcasting
 + Level 5.4 Ice Magic


You had 10 spell levels left.
You knew the following spells:

 Your Spells              Type           Power      Damage    Failure   Level
a - Freeze                Ice            100%       1d11      1%          1

Your spell library contained the following spells:

 Spells                   Type           Power      Damage    Failure   Level
 Frozen Ramparts          Ice            56%        1d7       3%          3
 Ozocubu's Armour         Ice            28%        N/A       3%          3
 Hailstorm                Conj/Ice       16%        3d6       34%         4


Dungeon Overview and Level Annotations

Branches:
Dungeon (2/15)

Altars:

Annotations:
D:2 Natasha


Message History

The worm is moderately wounded.
Casting: Freeze (safe; 1% risk of failure)
Confirm with . or Enter, or press ? or * to list all spells.
Aiming: Freeze (safe; 1% risk of failure)
Press: ? - help, Shift-Dir - straight line, f/p - worm
Aim: a worm (moderately wounded)
You freeze the worm.
The worm is moderately wounded.
The worm bites you!
Casting: Freeze (safe; 1% risk of failure)
Confirm with . or Enter, or press ? or * to list all spells.
Aiming: Freeze (safe; 1% risk of failure)
Press: ? - help, Shift-Dir - straight line, f/p - worm
Aim: a worm (moderately wounded)
You freeze the worm.
The worm is moderately wounded.
Casting: Freeze (safe; 1% risk of failure)
Confirm with . or Enter, or press ? or * to list all spells.
Aiming: Freeze (safe; 1% risk of failure)
Press: ? - help, Shift-Dir - straight line, f/p - worm
Aim: a worm (moderately wounded)
You freeze the worm.
The worm is severely wounded.
The worm bites you!
* * * LOW HITPOINT WARNING * * *
An adder comes into view.
The adder hisses angrily.
A giant cockroach comes into view.
A dart slug comes into view.
Casting: Freeze (safe; 1% risk of failure)
Confirm with . or Enter, or press ? or * to list all spells.
Aiming: Freeze (safe; 1% risk of failure)
Press: ? - help, Shift-Dir - straight line, f - adder, p - worm
Aim: an adder You freeze the adder.
The adder is moderately wounded.
The adder barely misses you. The dart slug launches a dart at you.
The slug dart hits you.
You die...

### ...## "..# #..# #..#
#..# ########## ###
#..#####......... ..###
#.....w..@S...... #.#..
##†####..........
#.#.#####.## #......B...
#.#.#....).#............
#.#.#...##.#.##.........
............> #.......w.
#.#.....##..............
#.########...###........
#.. #..#


You could see a worm, an adder, a dart slug and a giant cockroach.

Vanquished Creatures
  Natasha (D:2)
  3 adders (D:2)
  2 dart slugs
  5 endoplasms
  A giant cockroach (D:1)
  2 goblins
  2 hobgoblins (D:1)
  A ball python (D:1)
  2 bats (D:1)
  A frilled lizard (D:1)
  2 kobolds
  2 rats
24 creatures vanquished.

Notes
Turn   | Place    | Note
-------+----------+-------------------------------------------
     0 | D:1      | buriedalive the Deep Elf Ice Elementalist began the quest
                  | for the Orb.
     0 | D:1      | Reached XP level 1. HP: 10/10 MP: 6/6
   297 | D:1      | Reached XP level 2. HP: 15/15 MP: 6/8
   935 | D:2      | Noticed Natasha
   947 | D:2      | Killed Natasha
   948 | D:2      | Reached skill level 5 in Ice Magic
   948 | D:2      | Reached XP level 3. HP: 3/19 MP: 6/10
  1212 | D:2      | Noticed Natasha
  1325 | D:2      | Reached XP level 4. HP: 17/24 MP: 4/12
  1349 | D:2      | HP: 1/24 [worm (9)]
  1355 | D:2      | Killed from afar by a dart slug

Illustrated notes

Levels and vault maps discovered:
D:1:      dpeg_arrival_chambers_temple_mockup, layout_rooms
D:2:      layout_basic, shapermc_ecumenical_altar_mp_highgroup, uniq_natasha

Skill      XL: |  1  2  3 |
---------------+----------+-----
Ice Magic      | 5 |  5.4
Spellcasting   | 4 |  4.1
Fighting       | |  0.1
Short Blades   | |  0.4
Dodging        | |  2.9
Stealth        | |  2.4

Action                   |  1- 3 |  4- 6 || total
-------------------------+-------+-------++-------
Melee: Dagger            |    15 |       ||    15
 Cast: Freeze            |    28 |     7 ||    35
  Use: Potion            |     1 |       ||     1
 Stab: Sleeping          |     2 |       ||     2
Armor: Robe              |     7 |       ||     7
Dodge: Dodged            |    22 |     1 ||    23
